 Dungeon Crawl Stone Soup version 0.31.0-11-ge490571c62 (webtiles) character file.

Game seed: 12510499190248458288

153 qw the Skirmisher (level 5, -2/29 HPs)
             Began as a Deep Elf Hunter on Feb 4, 2024.
             Frozen to death by an endoplasm (4 damage)
             ... on level 4 of the Dungeon.
             The game lasted 00:00:09 (1962 turns).

qw the Skirmisher (Deep Elf Hunter)                 Turns: 1962, Time: 00:00:09

Health: -2/29      AC:  8    Str: 10    XL:     5   Next: 12%
Magic:  0/7        EV: 11    Int: 14    God:
Gold:   146        SH:  0    Dex: 18    Spells: 4/4 levels left

rFire   . . .        a - +0 shortbow (elec)
rCold   . . .        (shield currently unavailable)
rNeg    . . .        j - +0 ring mail
rPois   .            (no helmet)
rElec   .            (no cloak)
rCorr   .            d - +2 pair of gloves
SInv    .            (no boots)
Will    .....        f - amulet of guardian spirit
Stlth   +            (no ring)
HPRegen 0.24/turn    (no ring)
MPRegen 0.10/turn

%: guardian spirit
@: on fire, glowing
A: no striking features
a: no special abilities


You were on level 4 of the Dungeon.
You visited 1 branch of the dungeon, and saw 4 of its levels.

You collected 146 gold pieces.


   Skills:
 - Level 1.5 Fighting
 + Level 8.5 Ranged Weapons
 - Level 2.4 Dodging
 - Level 1.2 Stealth


You had 4 spell levels left.
You didn't know any spells.
Your spell library was empty.

Inventory:

Hand Weapons
 a - a +0 shortbow of electrocution (weapon)
Armour
 d - a +2 pair of gloves (worn)
 j - a +0 ring mail (worn)
Jewellery
 f - an amulet of guardian spirit (around neck)
Potions
 b - a potion of brilliance {unknown}
 c - a potion of heal wounds {unknown}
 h - a potion of curing {unknown}
 i - a potion of berserk rage {unknown}

Dungeon Overview and Level Annotations

Branches:
Dungeon (4/15)
 Temple: D:4-7

Altars:
Xom


Message History

You shoot an arrow. The arrow hits the bombardier beetle.
The bombardier beetle is moderately wounded.
You shoot an arrow. The arrow hits the bombardier beetle!
The bombardier beetle is severely wounded.
The bombardier beetle sprays incendiary fluid at you.
The burning spray hits you.
You are covered in liquid fire!
You shoot an arrow.
The arrow hits the bombardier beetle but does no damage.
The bombardier beetle is severely wounded.
The liquid fire burns you!
You shoot an arrow.
The arrow completely misses the bombardier beetle.
The liquid fire burns you! The endoplasm hits you.
The endoplasm closely misses you.
You shoot an arrow.
The arrow hits the bombardier beetle but does no damage.
The bombardier beetle is severely wounded.
The liquid fire burns you!
The bombardier beetle bites you but does no damage.
The endoplasm freezes you.
You are frozen.
You shoot an arrow.
The arrow barely misses the bombardier beetle.
The liquid fire burns you! The endoplasm closely misses you.
A bombardier beetle comes into view.
The bombardier beetle bites you.
You shoot an arrow. The arrow hits the bombardier beetle!
You kill the bombardier beetle!
The liquid fire burns you! The endoplasm freezes you.
You are frozen.
You have reached level 5!
You shoot an arrow. The arrow hits the endoplasm.
The endoplasm is severely wounded.
The liquid fire burns you! The endoplasm freezes you.
You are frozen.
You die...

.... B... .....
..... ......
......######
......J....#
...)..%@...##
.....###....# ...
##...# .# . #...#
..# ###...# #..#
#####.....##...##
................#
.>#####.........#
#..........


You could see a bombardier beetle and an endoplasm.

Vanquished Creatures
  A bombardier beetle (D:4)
  An orc wizard (D:3)
  An adder (D:2)
  A ribbon worm (D:2)
  2 dart slugs
  6 orcs
  9 ball pythons
  6 bats
  3 endoplasms
  4 giant cockroaches
  6 goblins
  6 hobgoblins
  7 jackals
  4 quokkas
  5 frilled lizards
  6 kobolds
  3 rats (D:1)
71 creatures vanquished.

Notes
Turn   | Place    | Note
-------+----------+-------------------------------------------
     0 | D:1      | qw the Deep Elf Hunter began the quest for the Orb.
     0 | D:1      | Reached XP level 1. HP: 12/12 MP: 3/3
     0 | D:1      | 0 ||| qw: Version: 0.3-a-160-g6735b56
     0 | D:1      | 0 ||| qw: Game counter: 4885
     0 | D:1      | 0 ||| qw: Melee chars always use a shield: true
     0 | D:1      | 0 ||| qw: God list: Okawaru
     0 | D:1      | 0 ||| qw: Allow faded altars: false
     0 | D:1      | 0 ||| qw: Do Orc after clearing Dungeon:15 true
     0 | D:1      | 0 ||| qw: Do second Lair branch before Depths: true
     0 | D:1      | 0 ||| qw: Lair rune preference: random
     0 | D:1      | 0 ||| qw: Goals: Normal
     0 | D:1      | 0 ||| PLANNING D:1-11
   145 | D:1      | Reached XP level 2. HP: 16/16 MP: 4/4
   151 | D:1      | Reached skill level 6 in Ranged Weapons
   194 | D:1      | HP: 4/16 [jackal (3)]
   392 | D:1      | Reached XP level 3. HP: 20/20 MP: 5/5
   561 | D:1      | 561 ||| UPGRADING to +0 ring mail.
   571 | D:1      | 571 ||| DROPPING +0 leather armour.
   572 | D:1      | 572 ||| UPGRADING to amulet of guardian spirit.
   577 | D:1      | 577 ||| READING scroll labelled TIROVEF LEOZ.
   577 | D:1      | 577 ||| BRANDING +0 shortbow.
   578 | D:1      | 578 ||| READING scroll labelled USCHOS HEOCEE.
   578 | D:1      | 578 ||| IDENTIFYING red potion
   579 | D:1      | 579 ||| READING 2 scrolls labelled LALOIH VERU.
   580 | D:1      | 580 ||| DROPPING scroll of butterflies.
   581 | D:1      | 581 ||| DROPPING potion of attraction.
   582 | D:1      | 582 ||| DROPPING scroll of poison.
   584 | D:1      | 584 ||| Stepping ~*~*~tactically~*~*~ (cloud).
   683 | D:2      | 683 ||| STAIRDANCE
   780 | D:2      | Reached skill level 7 in Ranged Weapons
   988 | D:2      | Found a shimmering altar of Xom.
  1033 | D:2      | 1033 ||| UPGRADING to +2 pair of gloves.
  1043 | D:3      | 1043 ||| STAIRDANCE
  1050 | D:3      | 1050 ||| STAIRDANCE
  1057 | D:2      | HP: 4/20 [quokka (3)]
  1065 | D:2      | HP: 2/20 [giant cockroach (1)]
  1154 | D:3      | Reached XP level 4. HP: 25/25 MP: 6/6
  1363 | D:3      | Found a faded altar of an unknown god.
  1487 | D:3      | Reached skill level 8 in Ranged Weapons
  1881 | D:3      | 1881 ||| READING scroll labelled GECINIKIWU.
  1961 | D:4      | HP: 6/25 [burnt (3)]
  1962 | D:4      | Reached XP level 5. HP: 6/29 MP: 0/7
  1962 | D:4      | HP: 2/29 [burnt (4)]
  1962 | D:4      | Frozen to death by an endoplasm

Levels and vault maps discovered:
D:1:      dpeg_arrival_long_road, layout_basic
D:2:      layout_rooms, basic_altar
D:3:      layout_loops_corners, chequers_ecumenical_altar_island
D:4:      layout_layer_cave, kennysheep_mini_moat

Skill      XL: |  1  2  3  4 |
---------------+-------------+-----
Ranged Weapons | 6 7 8 |  8.5
Fighting       | |  1.5
Dodging        | |  2.4
Stealth        | |  1.2

Action                     |  1- 3 |  4- 6 || total
---------------------------+-------+-------++-------
   Fire: Shortbow          |   117 |    63 ||   180
    Use: Scroll            |     3 |     1 ||     4
 Armour: Leather armour    |    26 |       ||    26
         Ring mail         |    56 |     8 ||    64
  Dodge: Dodged            |    77 |     7 ||    84

Table legend:
 A = Non-vault XP
 B = Vault XP
 C = Vault XP percentage of total XP
 D = Non-vault monster count
 E = Vault monster count
 F = Vault count percentage of total count
                 A         B        C        D         E       F
            +---------+---------+-------+---------+---------+-------
      Total |     219 |       0 |   0.0 |      71 |       0 |   0.0
            +---------+---------+-------+---------+---------+-------
        D:1 |      48 |       0 |   0.0 |      30 |       0 |   0.0
        D:2 |      47 |       0 |   0.0 |      17 |       0 |   0.0
        D:3 |      80 |       0 |   0.0 |      22 |       0 |   0.0
        D:4 |      44 |       0 |   0.0 |       2 |       0 |   0.0
            +---------+---------+-------+---------+---------+-------
